| TOP OF THE 1ST |
|
Sumter Gamecocks batting - Pitching for Gastonia Rockets : RHP Ramon Amancio
|
|
Pitching: RHP Ramon Amancio
|
|
|
Batting: SHB John Cangelosi
|
0-0: Fly out, F9 (Flyball, 9S, EV 82.5 MPH)
|
|
Batting: LHB Antonio Tapia
|
0-0: Ball 1-0: Ball 2-0: Foul Ball, location: 2F 2-1: Ball 3-1: Called Strike 3-2: Base on Balls
|
|
Batting: RHB Randy Washington
|
0-0: Ball 1-0: Ball 2-0: Ball 3-0: Called Strike 3-1: Fielders Choice at 2nd, 4-6 (Groundball, 34, EV 85.0 MPH)
|
|
Batting: RHB Kelly Gruber
|
0-0: Ball 1-0: Foul Ball, location: 2F 1-1: Called Strike 1-2: Fly out, F7 (Flyball, 7LD, EV 100.6 MPH)
|
| Top of the 1st over - 0 runs, 0 hits, 0 errors, 1 left on base; Sumter 0 - Gastonia 0 |
| BOTTOM OF THE 1ST |
|
Gastonia Rockets batting - Pitching for Sumter Gamecocks : LHP Dave Lochner
|
|
Pitching: LHP Dave Lochner
|
|
|
Batting: RHB Glenn Jones
|
0-0: SINGLE (Groundball, 4MD, EV 110.6 MPH)
|
|
Batting: RHB Jackie Wright
|
0-0: Ball 1-0: Foul Ball, location: 2F 1-1: Foul Ball, location: 2F 1-2: Ball 2-2: Ball 3-2: Foul Ball, location: 2F 3-2: Foul Ball, location: 2F 3-2: Foul Ball, location: 2F 3-2: Foul Ball, location: 2F 3-2: Base on Balls Glenn Jones to second
|
|
Batting: RHB James Crawford
|
0-0: Ball 1-0: Ball 2-0: Ball 3-0: Called Strike 3-1: Foul Ball, location: 2F 3-2: Grounds into double play, 6-4-3 (Groundball, 6, EV 85.6 MPH) Glenn Jones to third
|
|
Batting: RHB Mark Davidson
|
0-0: Ball 1-0: Ball 2-0: Ball 3-0: Called Strike 3-1: Foul Ball, location: 2F 3-2: 2-RUN HOME RUN (Flyball, 7D, EV 92.5 MPH), Distance : 369 ft
|
|
Batting: RHB Pat Dumouchelle
|
0-0: Ball 1-0: Ball 2-0: Foul Ball, location: 2F 2-1: Foul Ball, location: 2F 2-2: Strikes out swinging, 2-3 out at first.
|
| Bottom of the 1st over - 2 runs, 2 hits, 0 errors, 0 left on base; Sumter 0 - Gastonia 2 |
| TOP OF THE 2ND |
|
Sumter Gamecocks batting - Pitching for Gastonia Rockets : RHP Ramon Amancio
|
|
Batting: LHB Mark Gerard
|
0-0: Hit by Pitch
|
|
Batting: RHB Vaughn Calloway
|
0-0: Ball 1-0: Foul Ball, location: 2F 1-1: Called Strike 1-2: Foul Ball, location: 2F 1-2: Strikes out swinging
|
|
Batting: RHB Jerry Hidalgo
|
0-0: Ball 1-0: Fly out, F7 (Flyball, 8LS, EV 76.9 MPH)
|
|
Batting: RHB Claude Johnson
|
0-0: Ball 1-0: Fly out, F4 (Popup, 34, EV 51.3 MPH)
|
| Top of the 2nd over - 0 runs, 0 hits, 0 errors, 1 left on base; Sumter 0 - Gastonia 2 |
| BOTTOM OF THE 2ND |
|
Gastonia Rockets batting - Pitching for Sumter Gamecocks : LHP Dave Lochner
|
|
Batting: RHB David Daniels
|
0-0: Ground out 6-3 (Groundball, 6, EV 81.9 MPH)
|
|
Batting: LHB Dale Holman
|
0-0: Called Strike 0-1: Foul Ball, location: 2F 0-2: Ball 1-2: Ball 2-2: Foul Ball, location: 2F 2-2: Ball 3-2: Fly out, F4 (Line Drive, 4, EV 76.3 MPH)
|
|
Batting: RHB Donald Murelli
|
0-0: Ball 1-0: Ball 2-0: Called Strike 2-1: Ball 3-1: Base on Balls
|
|
Batting: RHB Greg Tarnow
|
0-0: Called Strike 0-1: Ball Donald Murelli is caught stealing 2nd base 2-4
|
| Bottom of the 2nd over - 0 runs, 0 hits, 0 errors, 0 left on base; Sumter 0 - Gastonia 2 |
| TOP OF THE 3RD |
|
Sumter Gamecocks batting - Pitching for Gastonia Rockets : RHP Ramon Amancio
|
|
Batting: RHB Juan Hernandez
|
0-0: Ball 1-0: Ball 2-0: Fly out, F9 (Flyball, 9S, EV 80.0 MPH)
|
|
Batting: SHB John Cangelosi
|
0-0: Foul Ball, location: 2F 0-1: Foul Ball, location: 2F 0-2: Ball 1-2: Ball 2-2: Ground out U3 (Groundball, 34, EV 90.0 MPH)
|
|
Batting: LHB Antonio Tapia
|
0-0: Ball 1-0: Fly out, F7 (Flyball, 7D, EV 102.5 MPH)
|
| Top of the 3rd over - 0 runs, 0 hits, 0 errors, 0 left on base; Sumter 0 - Gastonia 2 |
| BOTTOM OF THE 3RD |
|
Gastonia Rockets batting - Pitching for Sumter Gamecocks : LHP Dave Lochner
|
|
Batting: RHB Greg Tarnow
|
0-0: Ground out 6-3 (Groundball, 56, EV 81.3 MPH)
|
|
Batting: RHB Glenn Jones
|
0-0: Ball 1-0: Called Strike 1-1: Ball 2-1: Called Strike 2-2: Ball 3-2: Fly out, F7 (Flyball, 7D, EV 88.1 MPH)
|
|
Batting: RHB Jackie Wright
|
0-0: Ball 1-0: Fly out, F5 (Popup, 56S, EV 88.8 MPH)
|
| Bottom of the 3rd over - 0 runs, 0 hits, 0 errors, 0 left on base; Sumter 0 - Gastonia 2 |
| TOP OF THE 4TH |
|
Sumter Gamecocks batting - Pitching for Gastonia Rockets : RHP Ramon Amancio
|
|
Batting: RHB Randy Washington
|
0-0: Swinging Strike 0-1: Foul Ball, location: 2F 0-2: Ball 1-2: Ball 2-2: Strikes out swinging
|
|
Batting: RHB Kelly Gruber
|
0-0: Fly out, F8 (Flyball, 8RXD, EV 101.9 MPH)
|
|
Batting: LHB Mark Gerard
|
0-0: Ball 1-0: Foul Ball, location: 2F 1-1: Called Strike 1-2: Ball 2-2: Foul Ball, location: 2F 2-2: Ball 3-2: Foul Ball, location: 2F 3-2: Fly out, F6 (Popup, 6S, EV 61.9 MPH)
|
| Top of the 4th over - 0 runs, 0 hits, 0 errors, 0 left on base; Sumter 0 - Gastonia 2 |
| BOTTOM OF THE 4TH |
|
Gastonia Rockets batting - Pitching for Sumter Gamecocks : LHP Dave Lochner
|
|
Batting: RHB James Crawford
|
0-0: Ball 1-0: Ball 2-0: Ground out 5-3 (Groundball, 5L, EV 87.5 MPH)
|
|
Batting: RHB Mark Davidson
|
0-0: Fly out, F9 (Flyball, 9LS, EV 74.4 MPH)
|
|
Batting: RHB Pat Dumouchelle
|
0-0: Ball 1-0: Ball 2-0: Ball 3-0: Base on Balls
|
|
Batting: RHB David Daniels
|
0-0: Called Strike 0-1: Ball 1-1: Foul Ball, location: 2F 1-2: Strikes out swinging
|
| Bottom of the 4th over - 0 runs, 0 hits, 0 errors, 1 left on base; Sumter 0 - Gastonia 2 |
| TOP OF THE 5TH |
|
Sumter Gamecocks batting - Pitching for Gastonia Rockets : RHP Ramon Amancio
|
|
Batting: RHB Vaughn Calloway
|
0-0: Called Strike 0-1: Called Strike 0-2: Strikes out swinging
|
|
Batting: RHB Jerry Hidalgo
|
0-0: Called Strike 0-1: Fly out, F9 (Flyball, 9, EV 88.1 MPH)
|
|
Batting: RHB Claude Johnson
|
0-0: Ball 1-0: Foul Ball, location: 2F 1-1: Swinging Strike 1-2: Strikes out looking
|
| Top of the 5th over - 0 runs, 0 hits, 0 errors, 0 left on base; Sumter 0 - Gastonia 2 |
| BOTTOM OF THE 5TH |
|
Gastonia Rockets batting - Pitching for Sumter Gamecocks : LHP Dave Lochner
|
|
Batting: LHB Dale Holman
|
0-0: Called Strike 0-1: Ball 1-1: SINGLE (Groundball, 4M, EV 99.4 MPH) (infield hit)
|
|
Batting: RHB Donald Murelli
|
0-0: Bunt missed! 0-1: Bunted foul 0-2: Ball 1-2: Foul Ball, location: 2F 1-2: Strikes out swinging
|
|
Batting: RHB Greg Tarnow
|
0-0: Ball 1-0: Ball 2-0: Called Strike 2-1: Foul Ball, location: 2F 2-2: Ball 3-2: Foul Ball, location: 2F 3-2: SINGLE (Groundball, 6S, EV 64.4 MPH) (infield hit) Dale Holman to second
|
|
Batting: RHB Glenn Jones
|
0-0: Ball 1-0: Called Strike 1-1: SINGLE (Groundball, 56D, EV 105.0 MPH) Dale Holman to third Greg Tarnow to second
|
|
Batting: RHB Jackie Wright
|
0-0: Ball 1-0: Ball 2-0: Ball 3-0: Base on Balls Dale Holman scores Greg Tarnow to third Glenn Jones to second
|
|
Batting: RHB James Crawford
|
0-0: Foul Ball, location: 2F 0-1: Called Strike 0-2: SINGLE (Line Drive, 8LS, EV 89.4 MPH) Greg Tarnow scores Glenn Jones to third Jackie Wright to second Runner from 3rd tries for Home, SAFE, throw by CF to home
|
|
Batting: RHB Mark Davidson
|
0-0: Ball 1-0: Foul Ball, location: 2F 1-1: Ball 2-1: Swinging Strike 2-2: SINGLE (Line Drive, 78S, EV 95.0 MPH) Jackie Wright to third James Crawford to second Runner from 3rd tries for Home, SAFE, throw by LF to home
|
|
Pitching: RHP Todd Fischer
|
|
|
Batting: RHB Pat Dumouchelle
|
0-0: Grounds into double play, 4-6-3 (Groundball, 34, EV 100.0 MPH)
|
| Bottom of the 5th over - 4 runs, 5 hits, 0 errors, 1 left on base; Sumter 0 - Gastonia 6 |
| TOP OF THE 6TH |
|
Sumter Gamecocks batting - Pitching for Gastonia Rockets : RHP Ramon Amancio
|
|
Batting: RHB Juan Hernandez
|
0-0: Ball 1-0: Swinging Strike 1-1: Called Strike 1-2: Ball 2-2: Strikes out swinging
|
|
Batting: SHB John Cangelosi
|
0-0: Ball 1-0: Swinging Strike 1-1: Foul Ball, location: 2F 1-2: Ball 2-2: Ball 3-2: Foul Ball, location: 2F 3-2: Foul Ball, location: 2F 3-2: Base on Balls
|
|
Batting: LHB Antonio Tapia
|
0-0: Called Strike 0-1: Ball 1-1: Called Strike 1-2: Foul Ball, location: 2F 1-2: Ball John Cangelosi steals 2nd base 2-2: SINGLE (Line Drive, 7S, EV 88.1 MPH) John Cangelosi to third Runner from 3rd tries for Home, SAFE, throw by LF to home
|
|
Batting: RHB Randy Washington
|
0-0: Ball 1-0: Swinging Strike 1-1: Foul Ball, location: 2F 1-2: Ball 2-2: Strikes out looking
|
|
Batting: RHB Kelly Gruber
|
0-0: Ball 1-0: Ball 2-0: Ball 3-0: Called Strike 3-1: Called Strike 3-2: Foul Ball, location: 2F 3-2: Base on Balls Antonio Tapia to second
|
|
Batting: LHB Mark Gerard
|
0-0: Called Strike 0-1: Foul Ball, location: 2F 0-2: Ball 1-2: SINGLE (Groundball, 34D, EV 99.4 MPH) Antonio Tapia to third Kelly Gruber to second Runner from 3rd tries for Home, SAFE, throw by RF to home
|
|
Batting: RHB Vaughn Calloway
|
0-0: Ball 1-0: Called Strike 1-1: Ball Wild Pitch! Kelly Gruber to third Mark Gerard to second 2-1: Foul Ball, location: 2F 2-2: Ball 3-2: Base on Balls
|
|
Batting: RHB Jerry Hidalgo
|
0-0: Called Strike 0-1: Swinging Strike 0-2: Strikes out swinging
|
| Top of the 6th over - 2 runs, 2 hits, 0 errors, 3 left on base; Sumter 2 - Gastonia 6 |
| BOTTOM OF THE 6TH |
|
Gastonia Rockets batting - Pitching for Sumter Gamecocks : RHP Todd Fischer
|
|
Batting: RHB David Daniels
|
0-0: Ball 1-0: Foul Ball, location: 2F 1-1: Ground out 5-3 (Groundball, 5, EV 88.8 MPH)
|
|
Batting: LHB Dale Holman
|
0-0: Ball 1-0: Ball 2-0: Foul Ball, location: 2F 2-1: Foul Ball, location: 2F 2-2: Strikes out swinging
|
|
Batting: RHB Donald Murelli
|
0-0: Called Strike 0-1: Swinging Strike 0-2: Ball 1-2: Strikes out swinging
|
| Bottom of the 6th over - 0 runs, 0 hits, 0 errors, 0 left on base; Sumter 2 - Gastonia 6 |
| TOP OF THE 7TH |
|
Sumter Gamecocks batting - Pitching for Gastonia Rockets : RHP Ramon Amancio
|
|
Batting: RHB Claude Johnson
|
0-0: Called Strike 0-1: Ball 1-1: Swinging Strike 1-2: Ball 2-2: Ball 3-2: Strikes out swinging
|
|
Pitching: LHP Carlos Arroyo
|
|
|
Batting: RHB Juan Hernandez
|
0-0: Swinging Strike 0-1: Foul Ball, location: 2F 0-2: Strikes out looking
|
|
Batting: SHB John Cangelosi
|
0-0: Called Strike 0-1: Called Strike 0-2: Ball 1-2: Ball 2-2: Fly out, F7 (Flyball, 78S, EV 83.8 MPH)
|
| Top of the 7th over - 0 runs, 0 hits, 0 errors, 0 left on base; Sumter 2 - Gastonia 6 |
| BOTTOM OF THE 7TH |
|
Gastonia Rockets batting - Pitching for Sumter Gamecocks : RHP Todd Fischer
|
|
Batting: RHB Greg Tarnow
|
0-0: Ground out 6-3 (Groundball, 6, EV 85.0 MPH)
|
|
Batting: RHB Glenn Jones
|
0-0: Ball 1-0: Ball 2-0: Ball 3-0: Called Strike 3-1: Fly out, F8 (Flyball, 8LD, EV 105.6 MPH)
|
|
Batting: RHB Jackie Wright
|
0-0: Ball 1-0: Called Strike 1-1: Foul Ball, location: 2F 1-2: Ball 2-2: Strikes out looking
|
| Bottom of the 7th over - 0 runs, 0 hits, 0 errors, 0 left on base; Sumter 2 - Gastonia 6 |
| TOP OF THE 8TH |
|
Sumter Gamecocks batting - Pitching for Gastonia Rockets : LHP Carlos Arroyo
|
|
Batting: LHB Antonio Tapia
|
0-0: Ball 1-0: Called Strike 1-1: Called Strike 1-2: Ball 2-2: Ball 3-2: Fly out, F8 (Flyball, 8LXD, EV 98.8 MPH)
|
|
Batting: RHB Randy Washington
|
0-0: Ball 1-0: Ground out 1-3 (Groundball, 23, EV 75.0 MPH)
|
|
Batting: RHB Kelly Gruber
|
0-0: Foul Ball, location: 2F 0-1: Ball 1-1: TRIPLE (Line Drive, 78XD, EV 99.4 MPH)
|
|
Batting: LHB Mark Gerard
|
0-0: Called Strike 0-1: Foul Ball, location: 2F 0-2: Ball 1-2: Ball 2-2: Fly out, F8 (Line Drive, 8LD, EV 98.1 MPH)
|
| Top of the 8th over - 0 runs, 1 hit, 0 errors, 1 left on base; Sumter 2 - Gastonia 6 |
| BOTTOM OF THE 8TH |
|
Gastonia Rockets batting - Pitching for Sumter Gamecocks : RHP Todd Fischer
|
|
Batting: RHB James Crawford
|
0-0: Ball 1-0: Ball 2-0: Foul Ball, location: 2F 2-1: Ground out 5-3 (Groundball, 56S, EV 89.4 MPH)
|
|
Batting: RHB Mark Davidson
|
0-0: Called Strike 0-1: Called Strike 0-2: Foul Ball, location: 2F 0-2: Ball 1-2: Strikes out looking
|
|
Batting: RHB Pat Dumouchelle
|
0-0: Ball 1-0: Ball 2-0: Ball 3-0: Called Strike 3-1: Base on Balls
|
|
Batting: RHB David Daniels
|
0-0: Ball Pat Dumouchelle steals 2nd base 1-0: Ball 2-0: Ball 3-0: Base on Balls
|
|
Batting: LHB Dale Holman
|
0-0: Called Strike 0-1: Called Strike 0-2: Ball 1-2: Ball 2-2: Strikes out swinging
|
| Bottom of the 8th over - 0 runs, 0 hits, 0 errors, 2 left on base; Sumter 2 - Gastonia 6 |
| TOP OF THE 9TH |
|
Sumter Gamecocks batting - Pitching for Gastonia Rockets : LHP Carlos Arroyo
|
|
Batting: RHB Vaughn Calloway
|
0-0: Called Strike 0-1: Ball 1-1: Foul Ball, location: 2F 1-2: Strikes out swinging
|
|
Batting: RHB Jerry Hidalgo
|
0-0: Ball 1-0: Foul Ball, location: 2F 1-1: Hit by Pitch
|
|
Batting: RHB Claude Johnson
|
0-0: Called Strike 0-1: Foul Ball, location: 2F 0-2: Ball 1-2: Ball 2-2: Ball 3-2: Foul Ball, location: 2F 3-2: Grounds into double play, 6-4-3 (Groundball, 6, EV 103.8 MPH)
|
| Top of the 9th over - 0 runs, 0 hits, 0 errors, 0 left on base; Sumter 2 - Gastonia 6 |
|